 Dungeon Crawl Stone Soup version 0.28-a0-511-gcc94558de3 (webtiles) character file.

Game seed: 16135939379853160605

2418 funkygono the Arsonist (level 9, 0/48 HPs)
             Began as a Gargoyle Fire Elementalist on Sept 17, 2021.
             Slain by an ogre (11 damage)
             ... on level 6 of the Dungeon on Sept 21, 2021.
             The game lasted 00:15:08 (7884 turns).

funkygono the Arsonist (Gargoyle Fire Elementalist) Turns: 7884, Time: 00:15:09

Health: 0/48       AC: 15    Str: 18    XL:     9   Next: 48%
Magic:  4/20       EV: 12    Int: 19    God:
Gold:   285        SH:  0    Dex: 10    Spells: 12/22 levels left

rFire   . . .      SeeInvis .   l - +1 whip (elec)
rCold   . . .      Faith    .   (no shield)
rNeg    + . .      Spirit   .   x - +2 robe {Will+}
rPois   ∞          Reflect  .   v - +1 helmet
rElec   +          Harm     .   y - +1 cloak
rCorr   .          Rampage  .   n - +0 pair of gloves
Will    +....                   (no boots)
Stlth   ++........              o - amulet of regeneration
HPRegen 1.16/turn               g - +6 ring of strength
MPRegen 0.17/turn               (no ring)

@: studying Crossbows
A: sickness immunity, AC +6, negative energy resistance 1, electricity
resistance, torment resistance 1, petrification resistance
a: no special abilities


You were on level 6 of the Dungeon.
You visited 1 branch of the dungeon, and saw 6 of its levels.

You collected 285 gold pieces.

Inventory:

Hand Weapons
 d - a +0 whip
 l - a +1 whip of electrocution (weapon)
Missiles
 c - 70 stones
 k - a throwing net
Armour
 j - the +1 leather armour of the Cuttlefish {rC+ Will+}
   (You found it on level 4 of the Dungeon)

   rC:        It protects you from cold.
   Will:      It increases your willpower.
 n - a +0 pair of gloves (worn)
 r - a +2 tower shield
 v - a +1 helmet (worn)
 x - a +2 robe of willpower (worn)
 y - a +1 cloak (worn)
Magical Staves
 i - a staff of fire
Jewellery
 g - a +6 ring of strength (left hand)
 o - an amulet of regeneration (around neck)
Wands
 p - a wand of iceblast (7)
Scrolls
 a - a scroll of teleportation
 m - a scroll of fear
 u - a scroll of identify
Potions
 b - a potion of resistance
 e - 2 potions of mutation
 f - 2 potions of curing
 h - 2 potions of cancellation
 q - 5 potions of lignification
 s - a potion of degeneration {unknown}
 t - a potion of attraction {unknown}
 w - a potion of magic {unknown}
 z - 4 potions of heal wounds {unknown}


   Skills:
 + Level 1.6 Fighting
 + Level 2.1 Maces & Flails
 + Level 1.9 Dodging
 - Level 2.1 Stealth
 * Level 7.3 Spellcasting
 * Level 5.8 Conjurations
 * Level 8.1 Fire Magic


You had 12 spell levels left.
You knew the following spells:

 Your Spells              Type           Power      Damage    Failure   Level
a - Foxfire               Conj/Fire      100%       2x1d9     1%          1
b - Scorch                Fire           74%        2d8       1%          2
c - Conjure Flame         Conj/Fire      33%        6-21      1%          3
d - Flame Wave            Conj/Fire      33%        3d7       5%          4

Your spell library contained the following spells:

 Spells                   Type           Power      Damage    Failure   Level
 Inner Flame              Hex/Fire       22%        N/A       5%          3
 Ensorcelled Hibernation  Hex/Ice        12%        N/A       14%         2
 Spider Form              Tmut/Pois      3%         N/A       28%         3


Dungeon Overview and Level Annotations

Branches:
Dungeon (6/15)
 Temple: D:4-7

Altars:
Dithmenos
Fedhas
Nemelex Xobeh
Okawaru
Uskayaw

Shops:
D:4 *

Annotations:
D:5 2 transporters, Borgoz's ghost, novice HOFi


Innate Abilities, Weirdness & Mutations

You are immune to sickness and miasma.
Your stone body is resilient. (AC +6)
You are immune to poison.
You resist negative energy. (rN+)
You are resistant to electric shocks. (rElec)
You are resistant to unholy torment.
You are immune to petrification.


Message History

Confirm with . or Enter, or press ? or * to list all spells.
Flames lash the orc.
The orc is severely wounded.
The orc's fire resistance burns away.
The foxfire hits the ogre but does no damage.
The orc hits you but does no damage.
Casting: Scorch (safe; 1% risk of failure)
Confirm with . or Enter, or press ? or * to list all spells.
The fire begins to smoulder!
The foxfire hits the ogre!
The ogre is moderately wounded.
The ogre barely misses you. The orc hits you with a +0 short sword.
Casting: Conjure Flame (safe; 1% risk of failure)
Confirm with . or Enter, or press ? or * to list all spells.
The fire ignites!
You are engulfed in blazing flames.
The orc hits you but does no damage.
The ogre hits you with a +0 giant spiked club!!
Unknown command.
The orc is no longer more vulnerable to fire.
Casting: Conjure Flame (safe; 1% risk of failure)
Confirm with . or Enter, or press ? or * to list all spells.
You conjure some foxfire!
The foxfire hits the ogre.
The ogre is moderately wounded.
Casting: Foxfire (safe; 1% risk of failure)
Confirm with . or Enter, or press ? or * to list all spells.
Flames lash the orc.
You kill the orc!
The foxfire hits the ogre.
The ogre is heavily wounded.
Casting: Scorch (safe; 1% risk of failure)
Confirm with . or Enter, or press ? or * to list all spells.
The fire begins to smoulder!
The ogre hits you with a +0 giant spiked club!
* * * LOW HITPOINT WARNING * * *
Casting: Conjure Flame (safe; 1% risk of failure)
Confirm with . or Enter, or press ? or * to list all spells.
Flames lash the ogre.
The ogre is almost dead.
The ogre's fire resistance burns away.
The ogre hits you with a +0 giant spiked club!
You die...

#......#..# #.#####..##....
#..#####..#####..#.### ##.......
#......#..#......#...# ##.###..
#......#..#......#.#.# #..###..
#####..#..#..#####)#.####.......
#......#..#......#.#......######
#......#..#....).#.)..###.# #
#.)#####..#####§O#.#.## #.# #
#......#..#..(.@.#.#.# #.# #
#......#))#......#.#.# ##.# #
######..#).#..#####...###..# #
.#......#).#......#.#.#...## #
.#......#..#......#.#.....#######
.#..#####..#####..#...#.#>.....##
.#[...............#..<#.######.##
.#................##.....#####...
.####################.#..........


You could see an ogre (combustible).

Vanquished Creatures
  Grinder (D:5)
  Sigmund (D:5)
  A wyvern (D:4)
  A water moccasin (D:6)
  An ice beast (D:6)
  2 ogres
  A centaur (D:6)
  A necrophage (D:5)
  A bullfrog (D:6)
  A gnoll sergeant (D:6)
  2 scorpions
  A killer bee (D:6)
  A wight (D:4)
  A howler monkey (D:4)
  3 centaur zombies (D:6)
  2 hounds (D:6)
  3 jellies
  An orc priest (D:3)
  2 iguanas (D:5)
  4 orc wizards (D:6)
  Ijyb (D:4)
  Terence (D:2)
  A killer bee zombie (D:6)
  A hound skeleton (D:5)
  A howler monkey zombie (D:5)
  10 adders
  A shadow imp (D:6)
  2 white imps (D:6)
  An ufetubus (D:6)
  4 worms (D:3)
  2 dart slugs (D:2)
  17 orcs
  7 ball pythons
  2 bats
  5 endoplasms
  2 giant cockroaches
  4 goblins
  4 hobgoblins
  A jackal (D:2)
  2 quokkas
  7 frilled lizards
  6 kobolds
  8 rats
121 creatures vanquished.

Vanquished Creatures (collateral kills)
  A foxfire (D:1)
1 creature vanquished.

Vanquished Creatures (others)
  388 foxfires
  11 plants
399 creatures vanquished.

Grand Total: 521 creatures vanquished

Notes
Turn   | Place    | Note
-------+----------+-------------------------------------------
     0 | D:1      | funkygono the Gargoyle Fire Elementalist began the quest
                  | for the Orb.
     0 | D:1      | Reached XP level 1. HP: 10/10 MP: 3/3
   244 | D:1      | Reached XP level 2. HP: 13/15 MP: 1/5
   423 | D:1      | Learned a level 2 spell: Scorch
   670 | D:1      | Found a faded altar of an unknown god.
   956 | D:2      | Reached XP level 3. HP: 19/19 MP: 4/6
   960 | D:2      | Learned a level 3 spell: Conjure Flame
  1073 | D:2      | Noticed Terence
  1129 | D:2      | Killed Terence
  1518 | D:2      | Reached XP level 4. HP: 24/24 MP: 4/8
  1806 | D:2      | Upgraded the game from 0.28-a0-479-g5baa6b73be to
                  | 0.28-a0-494-ge2d2658822
  1806 | D:2      | Upgraded the game from 0.28-a0-494-ge2d2658822 to
                  | 0.28-a0-511-gcc94558de3
  1928 | D:2      | Reached skill level 4 in Fire Magic
  2575 | D:3      | Reached XP level 5. HP: 22/28 MP: 7/9
  4223 | D:3      | Learned a level 4 spell: Flame Wave
  4256 | D:4      | Noticed an ogre
  4261 | D:4      | Killed an ogre
  4262 | D:4      | Reached skill level 1 in Maces & Flails
  4262 | D:4      | Reached XP level 6. HP: 32/32 MP: 2/11
  4379 | D:4      | Identified the +1 leather armour of the Cuttlefish {rC+
                  | Will+}
  4507 | D:4      | Noticed Ijyb
  4511 | D:4      | Killed Ijyb
  4595 | D:4      | Found a blossoming altar of Fedhas.
  4673 | D:4      | Reached skill level 5 in Fire Magic
  4686 | D:4      | Noticed a wyvern
  4699 | D:4      | Killed a wyvern
  4700 | D:4      | Reached XP level 7. HP: 18/37 MP: 0/13
  4882 | D:4      | Found Igher's General Store.
  5252 | D:5      | Entered Level 5 of the Dungeon
  5603 | D:5      | Reached skill level 5 in Spellcasting
  5731 | D:5      | Noticed Sigmund
  5743 | D:5      | Killed Sigmund
  5744 | D:5      | Reached skill level 6 in Fire Magic
  5744 | D:5      | Reached XP level 8. HP: 32/42 MP: 5/16
  6060 | D:5      | Noticed a hornet
  6066 | D:5      | Found a hide-covered altar of Uskayaw.
  6222 | D:5      | Noticed Grinder
  6230 | D:5      | Killed Grinder
  6234 | D:5      | Noticed Borgoz's ghost (novice HOFi)
  6366 | D:5      | Found a transporter.
  6371 | D:5      | Found a transporter.
  6662 | D:6      | Reached skill level 1 in Fighting
  6763 | D:6      | Reached skill level 7 in Fire Magic
  6763 | D:6      | Reached XP level 9. HP: 41/48 MP: 7/18
  6894 | D:6      | Found an iron altar of Okawaru.
  6894 | D:6      | Found a sparkling altar of Nemelex Xobeh.
  6901 | D:6      | Found a faded altar of an unknown god.
  6903 | D:6      | Found a shadowy altar of Dithmenos.
  6905 | D:6      | Found a faded altar of an unknown god.
  7248 | D:6      | Reached skill level 5 in Conjurations
  7706 | D:6      | Reached skill level 8 in Fire Magic
  7884 | D:6      | Slain by an ogre

Illustrated notes

Levels and vault maps discovered:
D:1:      eino_arrival_water_cross, layout_basic,
          hellmonk_ecumenical_altar_run_dry, chequers_serial_rivers_micro_a
D:2:      minmay_chambers_of_twos, layout_basic, lemuel_old_faithful,
          uniq_terence
D:3:      layout_basic, chequers_serial_rivers_large_b, hangedman_decor_points,
          hangedman_glass_teeth, chequers_big_river,
          chequers_serial_rivers_micro_a, patterned_corridor
D:4:      layout_basic, mainiacjoe_overflow_brackets, serial_shops,
          kennysheep_mini, minmay_misc_feat_doors, minmay_manual_mandibuliform,
          uniq_ijyb
D:5:      layout_loops_corners, lemuel_crystal_altar, gammafunk_ghost_hive,
          minmay_lizard_king, uniq_sigmund, uniq_grinder
D:6:      kennysheep_windowed_halls, layout_rooms,
          chequers_temple_overflow_minitemple

Skill      XL: |  1  2  3  4  5  6  7  8  9 |
---------------+----------------------------+-----
Spellcasting   | 3 4 5 6 7 |  7.3
Fire Magic     | 4 5 6 7 8 |  8.1
Conjurations   | 2 3 4 5 |  5.8
Maces & Flails | 1 2 |  2.1
Fighting       | 1 |  1.6
Dodging        | |  1.9
Stealth        | |  2.1

Action                   |  1- 3 |  4- 6 |  7- 9 || total
-------------------------+-------+-------+-------++-------
Melee: Whip              |     5 |    49 |    15 ||    69
 Cast: Foxfire           |    28 |    84 |   118 ||   230
       Scorch            |     4 |    13 |    48 ||    65
       Conjure Flame     |       |       |     3 ||     3
  Use: Scroll            |     2 |     4 |     6 ||    12
Armor: Robe              |     2 |    10 |    40 ||    52
Dodge: Dodged            |    10 |    29 |    42 ||    81

Table legend: (Time is in decaauts)
 A = Elapsed time spent in this place.
 B = Non-inter-level travel time spent in this place.
 C = Inter-level travel time spent in this place.
 D = Time resting spent in this place.
 E = Time spent auto-exploring this place.
 F = Levels seen in this place.
 G = Mean time per level.
                   A        B        C        D        E       F      G
               +--------+--------+--------+--------+--------+-----+--------+
         Total |   7930 |   7837 |     93 |    399 |   6317 |   6 | 1321.7 |
       Dungeon |   7930 |   7837 |     93 |    399 |   6317 |   6 | 1321.7 |
               +--------+--------+--------+--------+--------+-----+--------+

Top non-repeatable levels by time:
     D:3: 1976 daAuts
     D:2: 1488 daAuts
     D:5: 1343 daAuts
     D:6: 1287 daAuts
     D:4: 995 daAuts
     D:1: 838 daAuts
